 Dungeon Crawl Stone Soup version 0.24.0-13-gcf9b319 (webtiles) character file.

Game seed: 15444494807671808054, levelgen mode: deterministic

3878 Bronimir the Ogre Mage (level 10, -1/96 HPs)
             Began as an Ogre Wizard on Apr 1, 2020.
             Was an Elder of Okawaru.
             Shot with an arrow by a centaur (10 damage)
             ... on level 9 of the Dungeon.
             The game lasted 00:31:59 (11441 turns).

Bronimir the Ogre Mage (Ogre Wizard)               Turns: 11441, Time: 00:32:00

Health: -1/96      AC:  6    Str: 16    XL:     10   Next: 19%
Magic:  0/20       EV: 11    Int: 24    God:    Okawaru [****..]
Gold:   435        SH:  0    Dex:  7    Spells: 3/23 levels left

rFire    + . .     SeeInvis .   a - +4 scythe (venom)
rCold    + + .     Gourm    .   (shield currently unavailable)
rNeg     . . .     Faith    .   v - +2 robe {rC+ rF+}
rPois    .         Spirit   +   G - +1 hat
rElec    .         Reflect  .   I - scarf {Spirit}
rCorr    .         Harm     .   (gloves unavailable)
MR       +....                  (boots unavailable)
Stlth    +.........             x - amulet of the acrobat
HPRegen  0.26/turn              g - +5 ring of intelligence
MPRegen  0.17/turn              B - ring of protection from cold

@: about to teleport
A: large, unfitting armour, tough skin 1
a: Heroism, Renounce Religion


You were on level 9 of the Dungeon.
You worshipped Okawaru.
Okawaru was greatly pleased with you.
You were very hungry.

You visited 1 branch of the dungeon, and saw 9 of its levels.

You collected 435 gold pieces.

Inventory:

Hand Weapons
 a - a +4 scythe of venom (weapon)
 b - a +0 shortbow
 D - a +2 quarterstaff of chaos
 Q - a +2 flail of protection
 S - a +0 giant spiked club
Missiles
 e - 151 arrows
 l - 6 boomerangs (quivered)
 m - 33 sling bullets
 n - 165 stones
 y - 40 bolts
 z - 37 poisoned darts
Armour
 c - a +0 cloak
 q - a +0 animal skin
 r - a +0 robe
 v - a +2 robe of resistance (worn)
 E - a +0 cloak
 G - a +1 hat (worn)
 I - a scarf of spirit shield (worn)
Jewellery
 g - a +5 ring of intelligence (left hand)
 s - an uncursed amulet of the gourmand
 x - an amulet of the acrobat (around neck)
 B - a ring of protection from cold (right hand)
 F - an uncursed ring of flight
Wands
 h - a wand of flame (12)
 P - a wand of polymorph (6)
Scrolls
 i - a scroll of fog
 k - 6 scrolls of identify
 o - 4 scrolls of immolation
 p - 3 scrolls of remove curse
 w - 3 scrolls of enchant weapon
 J - 2 scrolls of amnesia
Potions
 j - 6 potions of curing
 t - 2 potions of degeneration {unknown}
 u - a potion of might
 A - a potion of mutation {unknown}
 H - 2 potions of invisibility {unknown}
 L - 2 potions of agility {unknown}
 M - a potion of heal wounds {unknown}
 R - a potion of brilliance {unknown}
Comestibles
 d - 15 rations


   Skills:
 * Level 5.0 Fighting
 + Level 0.3 Maces & Flails
 * Level 6.7 Polearms
 + Level 3.7 Throwing
 * Level 4.8 Dodging
 - Level 1.4 Stealth
 * Level 7.1 Spellcasting
 * Level 4.7 Conjurations
 + Level 0.8 Hexes
 * Level 2.5 Charms
 + Level 3.3 Summonings
 * Level 1.5 Necromancy
 + Level 0.8 Translocations
 + Level 0.4 Poison Magic
 * Level 3.5 Invocations


You had 3 spell levels left.
You knew the following spells:

 Your Spells              Type           Power        Failure   Level  Hunger
a - Magic Dart            Conj           ####         1%          1    None
b - Blink                 Tloc           N/A          8%          2    None
c - Call Imp              Summ           ###.....     2%          2    None
d - Slow                  Hex            ##......     8%          2    None
e - Mephitic Cloud        Conj/Pois/Air  ###.....     11%         3    None
f - Conjure Flame         Conj/Fire      ###.....     9%          3    None
g - Infusion              Chrm           ###.         2%          1    None
h - Spectral Weapon       Hex/Chrm       ###.....     11%         3    None
i - Regeneration          Chrm/Necr      ###.......   9%          3    None

Your spell library contained the following spells:

 Spells                   Type           Power        Failure   Level  Hunger
 Song of Slaying          Chrm           ###.....     3%          2    None
 Shroud of Golubria       Chrm/Tloc      ###...       5%          2    None


Dungeon Overview and Level Annotations

Branches:
Dungeon (9/15)             Temple (0/1) D:4
   Lair: D:8-11         Orc: D:9-12

Altars:
Ashenzari
Dithmenos
Elyvilon
Kikubaaqudgha
Makhleb
Nemelex Xobeh
Okawaru
Wu Jian

Shops:
D:4 :   D:7 [


Innate Abilities, Weirdness & Mutations

You are too large for most types of armour.
You have tough skin. (AC +1)


Message History

The black bear claws you but does no damage.
A kobold comes into view.
The kobold shouts!
You hear a shout! x3
The kobold throws a stone.
The stone barely misses you.
The stone hits the scorpion but does no damage.
A centaur comes into view.
The centaur wields a +0 shortbow.
The centaur shoots an arrow.
The arrow completely misses you.
A jelly comes into view.
As you read the scroll of fog, it crumbles to dust.
The scroll dissolves into smoke.
The scorpion barely misses you.
As you read the scroll of teleportation, it crumbles to dust.
You feel strangely unstable.
The centaur shoots an arrow.
The arrow closely misses you.
The arrow hits the scorpion!
The scorpion closely misses you. The black bear bites you.
* * * LOW HITPOINT WARNING * * *
The black bear claws you but does no damage.
The black bear completely misses you.
The centaur shoots an arrow.
The arrow hits you!
You die...

Y..)######.....#
..Y....Y...# !#
Y....##..####.#
.## ##...$..#
##Y..####
##§.#.....
##Y.(....##
#####h§...####
#Kc§@s§....)#
...J§####§.###.#
#.# #.## ... ..#
### .## .


You could see a yak, a black bear, a centaur and a scorpion.

Vanquished Creatures
  A centaur skeleton (D:9)
  A wind drake (shapeshifter) (D:8)
  Grinder (D:4)
  A hippogriff (D:8)
  Sigmund (D:3)
  2 wyverns
  Eustachio (D:4)
  2 orc warriors
  A necrophage (D:8)
  2 sky beasts
  2 phantoms
  3 ogres
  3 centaurs
  Blork the orc (D:4)
  3 big kobolds
  A bullfrog (D:6)
  3 scorpions
  A bullfrog zombie (D:6)
  A jelly (D:7)
  3 orc priests
  Crazy Yiuf (D:4)
  2 hounds
  4 orc wizards
  2 iguanas
  4 worker ants
  6 gnolls
  13 adders
  2 oozes
  A worm (D:4)
  A leopard gecko (D:7)
  19 orcs
  11 bats
  7 giant cockroaches
  14 hobgoblins
  5 quokkas
  13 frilled lizards
  10 goblins
  10 kobolds
  A leopard gecko skeleton (D:4)
  6 rats
  A fungus (D:4)
167 creatures vanquished.

Vanquished Creatures (collateral kills)
  A phantom (D:4)
  2 bullfrogs
  A hound (D:5)
  An orc wizard (D:4)
  Robin (D:2)
  2 adders
  2 gnolls
  2 worms
  9 orcs
  4 goblins (D:2)
  3 hobgoblins
  A frilled lizard (D:3)
  8 kobolds
  A rat (D:3)
38 creatures vanquished.

Vanquished Creatures (others)
  2 spectral weapons
2 creatures vanquished.

Grand Total: 207 creatures vanquished

Notes
Turn   | Place    | Note
-------+----------+-------------------------------------------
     0 | D:1      | Bronimir the Ogre Wizard began the quest for the Orb.
     0 | D:1      | Reached XP level 1. HP: 16/16 MP: 5/5
   106 | D:1      | Reached skill level 4 in Spellcasting
   427 | D:1      | Reached XP level 2. HP: 23/24 MP: 1/7
   937 | D:1      | Reached skill level 1 in Conjurations
   987 | D:1      | Learned a level 2 spell: Blink
   990 | D:1      | Learned a level 2 spell: Call Imp
   993 | D:1      | Learned a level 2 spell: Slow
  1058 | D:1      | Reached XP level 3. HP: 31/31 MP: 8/8
  1493 | D:2      | Noticed Robin
  1506 | D:2      | Killed Robin
  1607 | D:2      | Reached skill level 1 in Throwing
  1640 | D:2      | Reached XP level 4. HP: 14/39 MP: 4/10
  2050 | D:2      | Found a faded altar of an unknown god.
  2341 | D:2      | Reached XP level 5. HP: 37/45 MP: 6/12
  2416 | D:2      | Found an iron altar of Okawaru.
  2423 | D:2      | Became a worshipper of Warmaster Okawaru
  2429 | D:2      | Found a shattered altar of Ashenzari.
  2433 | D:2      | Found a white marble altar of Elyvilon.
  3155 | D:3      | Reached skill level 1 in Summonings
  3156 | D:3      | Noticed Sigmund
  4186 | D:2      | HP: 2/46 [poisoned by Sigmund]
  4194 | D:2      | HP: 2/46 [poisoned by Sigmund]
  4698 | D:2      | Learned a level 3 spell: Mephitic Cloud
  4702 | D:2      | Learned a level 3 spell: Conjure Flame
  4721 | D:3      | Reached skill level 1 in Fighting
  4730 | D:3      | Killed Sigmund
  4730 | D:3      | Reached skill level 5 in Spellcasting
  4730 | D:3      | Reached XP level 6. HP: 36/55 MP: 6/13
  5014 | D:3      | Reached skill level 1 in Polearms
  5167 | D:3      | Reached * piety under Okawaru
  5167 | D:3      | Reached skill level 1 in Invocations
  5197 | D:3      | Reached XP level 7. HP: 23/62 MP: 6/14
  5676 | D:3      | Found a burning altar of Makhleb.
  5767 | D:4      | Found a staircase to the Ecumenical Temple.
  6103 | D:4      | Noticed Blork the orc
  6138 | D:4      | Noticed Grinder
  6525 | D:4      | Found a shadowy altar of Dithmenos.
  6552 | D:4      | Found Xoim's Book Shop.
  6683 | D:4      | Killed Blork the orc
  6712 | D:4      | Noticed Eustachio
  6729 | D:4      | Killed Eustachio
  6729 | D:4      | Reached ** piety under Okawaru
  6729 | D:4      | Reached XP level 8. HP: 68/72 MP: 12/16
  6816 | D:4      | Killed Grinder
  6919 | D:4      | Found a runed translucent door.
  6920 | D:4      | Noticed Crazy Yiuf
  6937 | D:4      | Killed Crazy Yiuf
  7059 | D:5      | Entered Level 5 of the Dungeon
  7576 | D:5      | Noticed a wyvern
  7584 | D:5      | Killed a wyvern
  7584 | D:5      | Reached *** piety under Okawaru
  7584 | D:5      | Reached skill level 6 in Spellcasting
  8069 | D:5      | Found an ornate altar of the Wu Jian Council.
  8412 | D:6      | Reached XP level 9. HP: 44/80 MP: 18/18
  8764 | D:6      | Reached skill level 5 in Polearms
  8929 | D:6      | Found a sparkling altar of Nemelex Xobeh.
  9143 | D:6      | Learned a level 1 spell: Infusion
  9147 | D:6      | Learned a level 3 spell: Spectral Weapon
  9151 | D:6      | Learned a level 3 spell: Regeneration
  9806 | D:7      | Found Suliyll's Armour Emporium.
 10478 | D:8      | Reached skill level 1 in Necromancy
 10631 | D:8      | Found an ancient bone altar of Kikubaaqudgha.
 10927 | D:8      | Noticed a queen bee
 10931 | D:8      | Noticed a salamander
 10931 | D:8      | a queen bee changed into a salamander
 10932 | D:8      | Noticed a cyclops
 10932 | D:8      | a salamander changed into a cyclops
 10934 | D:8      | Noticed a wind drake
 10934 | D:8      | a cyclops changed into a wind drake
 10937 | D:8      | Killed a wind drake
 10937 | D:8      | Reached **** piety under Okawaru
 10937 | D:8      | Reached skill level 1 in Charms
 11108 | D:8      | Reached skill level 7 in Spellcasting
 11108 | D:8      | Reached XP level 10. HP: 90/94 MP: 16/20
 11406 | D:9      | Reached skill level 5 in Fighting
 11441 | D:9      | Shot with an arrow by a centaur

Levels and vault maps discovered:
D:1:      lemuel_arrival_broad_hall, layout_loops_ring, serial_forest,
          infiniplex_forest_clump_double, infiniplex_forest_clump_long,
          infiniplex_forest_lined_1, infiniplex_forest_lined_room_2,
          infiniplex_forest_join, infiniplex_forest_straight_4,
          infiniplex_forest_lined_2, infiniplex_forest_zigzag_2,
          infiniplex_forest_lined_room_3
D:2:      layout_loops_ring, minmay_overflow_temple_star_quad,
          chequers_ecumenical_altar_simple, uniq_robin
D:3:      layout_loops_ring, lightli_temple_of_fire, first_ration,
          kennysheep_generic_room_3, uniq_sigmund
D:4:      layout_gridville, overflow_temple_1_default,
          minmay_temple_entry_trees, serial_shops, nicolae_shop_behind_doors,
          grunt_ministairs_8, uniq_crazy_yiuf_cottage, uniq_grinder,
          uniq_blork_the_orc, uniq_eustachio
D:5:      layout_basic, kennysheep_little_box
D:6:      layout_basic, nemelex_altar_shiori
D:7:      layout_basic, serial_shops, shop_fountains
D:8:      layout_loops_ring, lemuel_coloured_pillars_altar, blue_anna_alchemist
          [blue_anna_fruit_fields, blue_anna_fruit_fields], minmay_small_thing
D:9:      layout_rooms, minmay_misc_feat_alley

Skill      XL: |  1  2  3  4  5  6  7  8  9 10 |
---------------+-------------------------------+-----
Spellcasting   | 4 5 6 7 |  7.1
Dodging        | 2 3 4 |  4.8
Conjurations   | 1 2 3 4 |  4.7
Throwing       | 1 2 3 |  3.7
Summonings     | 1 2 3 |  3.3
Fighting       | 1 2 4 5 |  5.0
Polearms       | 1 3 4 6 |  6.7
Invocations    | 1 2 3 |  3.5
Necromancy     | 1 |  1.5
Charms         | 1 2 |  2.5
Maces & Flails | |  0.3
Stealth        | |  1.4
Hexes          | |  0.8
Translocations | |  0.8
Poison Magic   | |  0.4

Action                   |  1- 3 |  4- 6 |  7- 9 | 10-12 || total
-------------------------+-------+-------+-------+-------++-------
Melee: Club              |    19 |       |       |       ||    19
       Unarmed           |     1 |       |       |       ||     1
       Spear             |     7 |    26 |       |       ||    33
       Scythe            |       |    27 |   261 |    26 ||   314
Throw: Boomerang         |    19 |    98 |     4 |       ||   121
 Cast: Magic Dart        |    45 |    57 |     4 |       ||   106
       Call Imp          |     2 |    22 |    35 |     2 ||    61
       Slow              |       |     3 |     6 |       ||     9
       Mephitic Cloud    |       |     4 |    12 |     2 ||    18
       Blink             |       |     1 |       |       ||     1
       Spectral Weapon   |       |       |     9 |     1 ||    10
       Infusion          |       |       |     5 |     1 ||     6
       Regeneration      |       |       |     1 |     1 ||     2
  Use: Potion            |       |     1 |     1 |     2 ||     4
       Scroll            |       |       |     9 |     3 ||    12
 Stab: Confused          |       |     1 |     2 |       ||     3
       Sleeping          |       |       |     5 |       ||     5
       Invisible         |       |       |     1 |       ||     1
       Distracted        |       |       |     2 |       ||     2
  Eat: Chunk             |     2 |     4 |    13 |       ||    19
       Ration            |       |     2 |     2 |       ||     4
Armor: Robe              |     6 |    15 |   100 |    26 ||   147
       Animal skin       |     5 |    29 |       |       ||    34
Dodge: Dodged            |    30 |    97 |   195 |    38 ||   360
